Map: Prion Terraces

Players

LilDicky

  • Race: Terran Terran
  • League: Diamond

EgO - Winner!

  • Race: Terran Terran
  • League: Platinum

VOD

http://www.twitch.tv/tumescentpie

Description

Time

  • Played on: Nov. 24, 2015, 2:11 p.m.
  • Length: 10:31
Show
View Real Time Build Order
Export as new Build Order

LilDicky Terran 

Build Orders:  

Get SALT Encoding   

  12  0:01  SCV  
  13  0:13  SCV  
  14  0:18  Supply Depot  
  14  0:25  SCV  
  15  0:36  Refinery  
  15  0:40  SCV  
  16  0:45  Barracks  
  16  0:53  SCV  
  17  1:05  SCV  
  17  1:09  Barracks  
  18  1:17  SCV  
  19  1:29  SCV  
  20  1:37  Reaper, Barracks  
  21  1:41  Orbital Command  
  21  1:49  Supply Depot  
  21  1:55  Refinery  
  21  1:59  Reaper  
  22  2:07  SCV  
  23  2:11  Reaper  
  24  2:19  SCV  
  25  2:29  Reaper  
  26  2:31  Reaper  
  26  2:33  Supply Depot  
  27  2:43  Reaper  
  28  2:54  SCV  
  28  2:57  Engineering Bay  
  29  3:04  Supply Depot  
  30  3:33  Barracks Reactor x2  
  30  3:34  Barracks Reactor  
  24  3:38  Command Center  
  24  3:43  Factory  
  23  4:01  SCV  
  24  4:09  Terran Infantry Weapons Level 1  
  24  4:12  Missile Turret  
  24  4:13  SCV  
  25  4:20  Marine  
  25  4:21  Missile Turret  
  25  4:22  Marine x3  
  25  4:23  Marine x2  
  31  4:24  Missile Turret  
  31  4:25  SCV  
  31  4:28  Factory Tech Lab  
  32  4:32  Starport  
  32  4:37  SCV  
  33  4:41  Marine x3  
  33  4:44  Marine  
  33  4:45  Marine  
  38  4:49  SCV  
  39  5:01  SCV  
  39  5:06  Marine x2  
  39  5:07  Marine  
  42  5:08  Siege Tank  
  42  5:09  Medivac  
  47  5:16  Orbital Command  
  43  5:32  Missile Turret  
  43  5:33  Marine x2  
  45  5:39  Viking  
  45  5:40  Siege Tank  
  45  5:42  Marine x2  
  50  5:53  Marine x2  
  53  6:04  SCV x2  
  53  6:09  Sensor Tower  
  54  6:13  Starport Tech Lab  
  54  6:16  SCV  
  54  6:18  Sensor Tower  
  55  6:31  Refinery  
  55  6:32  SCV x2  
  57  6:34  Refinery  
  57  6:44  SCV x2  
  57  6:45  Marine x2  
  62  6:49  Marine  
  62  7:00  Cloaking Field  
  62  7:09  Banshee, SCV x2, Marine  
  68  7:21  SCV  
  69  7:47  Marine x4  
  69  7:48  Stimpack  
  69  7:49  Command Center, Marine  
  74  7:52  Banshee  
  74  7:57  SCV x2  
  69  8:05  Marine x4  
  73  8:07  Marine  
  73  8:09  SCV  
  75  8:14  Starport  
  75  8:15  Starport  
  75  8:22  Marine x2  
  78  8:34  SCV  
  78  8:36  SCV, Marine x2  
  77  9:02  Marine x2  
  76  9:03  Marauder  
  76  9:07  Liberator x2  
  74  9:12  Marine x2  
  74  9:14  Orbital Command  
  76  9:22  Viking, Fusion Core  
  80  9:24  Marauder  
  80  9:25  SCV x2  
  84  9:53  Marine x4  
  84  9:54  Marine  
  92  10:01  SCV  
  93  10:08  Supply Depot  
  93  10:15  Supply Depot  
Show
View Real Time Build Order
Export as new Build Order

EgO Terran - Winner!

Build Orders: 1/1/1 

Get SALT Encoding   

  12  0:01  SCV  
  13  0:13  SCV  
  14  0:17  Supply Depot  
  14  0:25  SCV  
  15  0:37  Refinery  
  15  0:39  SCV  
  16  0:44  Barracks  
  16  0:51  SCV  
  17  1:03  SCV  
  18  1:15  SCV  
  19  1:31  Marine, Orbital Command  
  19  1:32  Supply Depot  
  20  1:41  Factory  
  20  1:49  Marine  
  20  1:50  Refinery  
  21  1:57  SCV  
  22  2:07  Marine  
  23  2:11  SCV  
  24  2:24  Factory Tech Lab, Starport  
  24  2:27  Marine  
  25  2:30  SCV  
  25  2:32  Supply Depot  
  26  2:43  SCV  
  26  2:48  Siege Tank  
  29  2:56  Marine  
  29  2:58  SCV  
  31  3:05  Medivac  
  31  3:08  Supply Depot  
  31  3:10  SCV  
  32  3:14  Marine  
  32  3:22  SCV  
  33  3:30  Siege Tank  
  36  3:34  SCV  
  37  3:46  SCV  
  38  3:57  Marine  
  38  4:00  Medivac  
  41  4:03  SCV  
  42  4:11  Command Center  
  42  4:15  SCV  
  43  4:18  Supply Depot, Marine  
  43  4:19  Siege Tank  
  43  4:24  Supply Depot  
  47  4:32  Barracks  
  47  4:33  Barracks  
  47  4:38  Starport Reactor  
  47  4:47  SCV  
  47  4:50  Barracks Tech Lab  
  48  4:54  Supply Depot  
  48  4:59  SCV  
  49  5:11  SCV  
  50  5:15  Medivac x2  
  54  5:23  SCV  
  50  5:37  Barracks Reactor x2  
  50  5:38  Marine  
  50  5:39  SCV  
  52  5:50  Viking  
  52  5:52  Orbital Command  
  52  5:53  SCV  
  54  6:09  SCV  
  54  6:10  Marine  
  56  6:16  Refinery  
  56  6:18  Command Center  
  56  6:19  SCV, Refinery  
  56  6:21  SCV  
  58  6:28  Marine x4  
  58  6:31  SCV  
  63  6:34  Marine  
  64  6:45  Viking x2  
  68  7:06  Marine x2  
  68  7:07  Marauder, Marine x2  
  74  7:15  Viking x2  
  78  7:19  Siege Tank  
  78  7:21  SCV x2  
  83  7:24  Marine x2  
  85  7:30  Barracks  
  85  7:32  Barracks  
  85  7:33  SCV  
  85  7:52  Siege Tank  
  85  7:53  Marine x4  
  85  7:54  Marauder  
  85  7:56  Stimpack  
  85  7:57  SCV  
  95  8:01  Orbital Command  
  95  8:11  SCV  
  96  8:14  SCV  
  96  8:16  Marauder  
  96  8:17  Viking  
  100  8:43  Barracks Reactor, Marine  
  100  8:44  Barracks Reactor  
  100  8:47  Supply Depot  
  100  8:48  Supply Depot, Viking, Marine  
  104  8:50  Supply Depot  
  104  8:51  Supply Depot  
  104  9:10  Viking  
  104  9:12  SCV  
  104  9:13  SCV x2  
  109  9:18  Viking  
  111  9:24  SCV, Marine x3  
  111  9:25  SCV, Marauder  
  111  9:26  Marine x2  
  111  9:27  Marine x3  
  111  9:28  Siege Tank  
  126  9:42  Marine  
  127  9:47  Marauder  
  127  9:48  Marine x6  
  127  9:49  Viking x2  
  127  9:50  SCV x2  
  141  9:53  Refinery  
  141  9:54  Refinery  
  141  9:58  Supply Depot  
  141  9:59  Supply Depot  
  141  10:03  Supply Depot  
Tags
 
Add a new tag
Caveats
  • Supply blocks, unpowered buildings, or Contaminate may cause inaccurate times.
  • Supply counts are checked every 10 seconds.